 Dungeon Crawl Stone Soup version 0.20.1-1-g8b1a95d (webtiles) character file.

78 letownia2 the Grave Robber (level 4, -15/36 HPs)
             Began as a Deep Dwarf Necromancer on Dec 18, 2017.
             Was an Initiate of Gozag.
             Demolished by an ogre
             ... wielding a +0 giant club
              (30 damage)
             ... on level 4 of the Dungeon.
             The game lasted 00:04:48 (1427 turns).

letownia2 the Grave Robber (Deep Dwarf Necromancer) Turns: 1427, Time: 00:04:49

Health: -15/36     AC:  4    Str: 12    XL:     4   Next: 15%
Magic:  0/7        EV: 12    Int: 16    God:    Gozag
Gold:   75         SH:  0    Dex: 13    Spells: 4/8 levels left

rFire    . . .     SeeInvis .   d - +2 dagger (protect)
rCold    . . .     Gourm    .   (no shield)
rNeg     . . .     Faith    .   a - +0 robe
rPois    .         Spirit   .   (helmet restricted)
rElec    .         Reflect  .   h - +0 cloak
rCorr    .         Harm     .   w - +0 pair of gloves
MR       .....                  (no boots)
Stlth    ++........             (no amulet)
Regen    0.0/turn               (no ring)
MPRegen  0.1/turn               (no ring)

@: non-regenerating
A: damage resistance, heal wounds, horns 1, low mp 1, sense surroundings 1,
subdued magic 1, no regeneration
a: Heal Wounds, Potion Petition, Call Merchant, Bribe Branch, Renounce Religion


You were on level 4 of the Dungeon.
You worshipped Gozag.
Gozag was noncommittal.
You were not hungry.

You visited 2 branches of the dungeon, and saw 5 of its levels.

You collected 144 gold pieces.
You paid 69 gold pieces to Gozag.

Inventory:

Hand Weapons
 d - a +2 dagger of protection (weapon)
 f - a +0 hand axe
Missiles
 t - 7 tomahawks (quivered)
Armour
 a - a +0 robe (worn)
 g - a cursed +0 chain mail
 h - a +0 cloak (worn)
 r - a +0 scale mail
 w - a +0 pair of gloves (worn)
Scrolls
 e - a scroll of amnesia {unknown}
 j - a scroll of identify {unknown}
 k - a scroll of remove curse {unknown}
 l - a scroll of immolation {unknown}
 p - a scroll of fog {unknown}
 s - a scroll of enchant weapon {unknown}
 v - a scroll of teleportation {unknown}
Potions
 i - 2 potions of curing {unknown}
 m - a potion of degeneration {unknown}
 o - a potion of berserk rage {unknown}
Books
 b - a book of Necromancy

   Spells                             Type                      Level
   a - Pain                           Necromancy                   1
   b - Animate Skeleton               Necromancy                   1
   c - Vampiric Draining              Necromancy                   3
   d - Regeneration                   Charms/Necromancy            3
   e - Animate Dead                   Necromancy                   4
   f - Control Undead                 Necromancy                   4
 u - a book of Conjurations

   Spells                             Type                      Level
   a - Magic Dart                     Conjuration                  1
   b - Searing Ray                    Conjuration                  2
   c - Dazzling Spray                 Conjuration/Hexes            3
   d - Fulminant Prism                Conjuration/Hexes            4
   e - Force Lance                    Conjuration/Translocation    4
   f - Iskenderun's Mystic Blast      Conjuration                  4
Comestibles
 c - a bread ration
 q - a royal jelly


   Skills:
 - Level 2.1 Dodging
 - Level 2.4 Stealth
 + Level 2.7 Spellcasting
 - Level 5.5 Necromancy


You had 4 spell levels left.
You knew the following spells:

 Your Spells              Type           Power        Failure   Level  Hunger
a - Pain                  Necr           ###.         1%          1    #......
v - Vampiric Draining     Necr           ###.......   4%          3    ###....


Dungeon Overview and Level Annotations

Branches:
Dungeon (4/15)             Temple (1/1) D:4

Altars:
Elyvilon
Gozag
Hepliaklqana
Nemelex Xobeh
Qazlal
Xom


Innate Abilities, Weirdness & Mutations

You are resistant to damage.
You can heal yourself by infusing magical energy.
You passively map a small area around you.
You do not regenerate.
You have a pair of small horns on your head.
Your magical capacity is low. (-10% MP)
Your spells are a little easier to cast, but a little less powerful.


Message History

Aiming: Pain
Press: ? - help, Shift-Dir - straight line, f/p - ogre
Aim: an ogre, wielding a giant club (moderately wounded, chance to defeat MR: 73%)
The ogre struggles to resist.
The ogre barely misses you.
You barely miss the ogre. You headbutt the ogre.
The ogre is moderately wounded.
You barely miss the ogre.
The ogre is moderately wounded.
The ogre hits you with a giant club!!
Ouch! That really hurt!
Casting: Pain
Confirm with . or Enter, or press ? or * to list all spells.
Aiming: Vampiric Draining
Press: ? - help, Shift-Dir - straight line, f/p - ogre
Aim: an ogre, wielding a giant club (moderately wounded)
The ogre is heavily wounded.
You feel life coursing into your body. The ogre hits you with a giant club!!
Ouch! That really hurt!
You die...
Your body crumbles into a pile of gold.

**
########............#
.........##########.#
,.#####..# #.# *
####..###### #.# $ *
#..........## #.# *
#.##..###...## #.# *
, #.##......#..# #.#
, ,, ,
#.##...##....###.# *
#@##...###....##.#
#O##.............# ,
*
*.##.##.#.###....####
*.........###.#.##
..........##....###*
* *
.##.##.##...>.#...#*
#(##. ####....#.##
#.##. #.........# ,
*#. #.........#


You could see an ogre.

Vanquished Creatures
  A worker ant (D:4)
  An adder (D:2)
  2 gnolls
  A leopard gecko (D:2)
  2 bats
  5 giant cockroaches
  2 goblins (D:2)
  3 hobgoblins
  2 jackals (D:3)
  2 kobolds
  A quokka (D:2)
  A frilled lizard (D:2)
  A rat (D:2)
24 creatures vanquished.

Notes
Turn   | Place    | Note
-------+----------+-------------------------------------------
     0 | D:1      | letownia2 the Deep Dwarf Necromancer began the quest for the Orb.
     0 | D:1      | Reached XP level 1. HP: 15/15 MP: 3/3
   244 | D:2      | Found a faded altar of an unknown god.
   287 | D:2      | Reached XP level 2. HP: 22/22 MP: 0/5
   400 | D:3      | Reached skill level 5 in Necromancy
   413 | D:3      | Gained mutation: Your magical capacity is low. (-10% MP) [potion of mutation]
   413 | D:3      | Gained mutation: Your spells are a little easier to cast, but a little less powerful. [potion of mutation]
   413 | D:3      | Gained mutation: You have a pair of small horns on your head. [potion of mutation]
   428 | D:2      | Reached XP level 3. HP: 6/28 MP: 0/5
   581 | D:2      | Learned a level 3 spell: Vampiric Draining
   822 | D:2      | Found a stormy altar of Qazlal.
  1118 | D:4      | Found a staircase to the Ecumenical Temple.
  1127 | Temple   | Entered the Ecumenical Temple
  1232 | D:4      | Found an opulent altar of Gozag.
  1245 | D:4      | Became a worshipper of Gozag Ym Sagoz the Greedy
  1344 | D:4      | Reached XP level 4. HP: 33/36 MP: 2/7
  1419 | D:4      | Noticed an ogre
  1427 | D:4      | Demolished by an ogre

Skill      XL: |  1  2 |
---------------+-------+-----
Spellcasting   | 2 |  2.7
Necromancy     | 5 |  5.5
Dodging        | |  2.1
Stealth        | |  2.4

Action                   |  1- 3 |  4- 6 || total
-------------------------+-------+-------++-------
Melee: Dagger            |    36 |     2 ||    38
       Headbutt          |     5 |     1 ||     6
Throw: Tomahawk          |       |     1 ||     1
 Cast: Pain              |    24 |     5 ||    29
       Vampiric Draining |     9 |     1 ||    10
  Use: Potion            |     1 |       ||     1
  Eat: Chunk             |     3 |       ||     3
Armor: Robe              |    11 |       ||    11
Dodge: Dodged            |    40 |     1 ||    41
